SAAA
SUNSET DISTRICT FOG @ PAWNEE PARKSNREC
09/17/2028
 
TOP OF THE 1ST
Sunset District Fog batting - Pitching for Pawnee ParksNRec : RHP Brewster Warble
Pitching: RHP Brewster Warble
Batting: RHB Reginald Kalkman 0-0: Ball
1-0: Called Strike
1-1: Called Strike
1-2: Ball
2-2: Ball
3-2: Base on Balls
Batting: RHB Yehonatan Chazan 0-0: Ball
1-0: Swinging Strike
1-1: Swinging Strike
1-2: Ball
2-2: Foul Ball, location: 2F
2-2: Fielders Choice at 2nd, 1-4 (Groundball, 15S)
Batting: RHB Alfonso Nazario 0-0: Ball
1-0: Fly out, F3 (Popup, 3S)
Batting: LHB Enrique Vásquez 0-0: Ball
Passed Ball!
Yehonatan Chazan to second
1-0: Ball
2-0: Ball
3-0: Base on Balls
Batting: RHB José Vargas 0-0: Foul Ball, location: 2F
0-1: Fielders Choice at 2nd, 5-4 (Groundball, 5)
Top of the 1st over - 0 run(s), 0 hit(s), 0 error(s), 1 left on base; Sunset District 0 - Pawnee 0
BOTTOM OF THE 1ST
Pawnee ParksNRec batting - Pitching for Sunset District Fog : RHP Burm Snart
Pitching: RHP Burm Snart
Batting: RHB Rubén Alvarado 0-0: Called Strike
0-1: DOUBLE (Line Drive, 8LXD)
Batting: RHB Britt Lynch 0-0: Ball
1-0: Fly out, F9 (Flyball, 9)
Batting: LHB Ernesto Sánchez 0-0: Called Strike
0-1: Swinging Strike
0-2: Foul Ball, location: 2F
0-2: Strikes out swinging
Batting: LHB Tom Benjamin 0-0: Ball
1-0: Called Strike
1-1: Ball
2-1: Swinging Strike
2-2: 2-RUN HOME RUN (Flyball, 78D), Distance : 422 ft
Batting: SHB Júlio Camacho 0-0: Called Strike
0-1: Swinging Strike
0-2: Foul Ball, location: 2F
0-2: Ball
1-2: Fly out, F9 (Flyball, 89S)
Bottom of the 1st over - 2 run(s), 2 hit(s), 0 error(s), 0 left on base; Sunset District 0 - Pawnee 2
TOP OF THE 2ND
Sunset District Fog batting - Pitching for Pawnee ParksNRec : RHP Brewster Warble
Batting: RHB Armando Rodríguez 0-0: Called Strike
0-1: Swinging Strike
0-2: Fly out, F5 (Popup, 5S)
Batting: RHB Tetsunori Kimura 0-0: Ground out 6-3 (Groundball, 6)
Batting: SHB Domingo Luna 0-0: Swinging Strike
0-1: Ball
1-1: Foul Ball, location: 2F
1-2: Ball
2-2: Ball
3-2: Ground out 5-3 (Groundball, 56)
Top of the 2nd over - 0 run(s), 0 hit(s), 0 error(s), 0 left on base; Sunset District 0 - Pawnee 2
BOTTOM OF THE 2ND
Pawnee ParksNRec batting - Pitching for Sunset District Fog : RHP Burm Snart
Batting: SHB Vicente Pueblo 0-0: Ball
1-0: Ball
2-0: Swinging Strike
2-1: Foul Ball, location: 2F
2-2: Ground out 6-3 (Groundball, 6M)
Batting: RHB Iván Rodríguez 0-0: Called Strike
0-1: Ball
1-1: SINGLE (Line Drive, 5)
Batting: SHB Enrique Costello 0-0: Ball
1-0: SINGLE (Groundball, 4MD)
Iván Rodríguez to second
Batting: RHB Miguel Silva 0-0: Ball
1-0: Called Strike
1-1: Ball
2-1: Ball
3-1: Grounds into double play, 1-6-3 (Groundball, P)
Bottom of the 2nd over - 0 run(s), 2 hit(s), 0 error(s), 1 left on base; Sunset District 0 - Pawnee 2
TOP OF THE 3RD
Sunset District Fog batting - Pitching for Pawnee ParksNRec : RHP Brewster Warble
Batting: RHB Vicente Rodríguez 0-0: Foul Ball, location: 2F
0-1: Ball
1-1: Called Strike
1-2: Strikes out swinging
Batting: RHB Reginald Kalkman 0-0: Called Strike
0-1: Swinging Strike
0-2: SINGLE (Line Drive, 9S)
Batting: RHB Yehonatan Chazan 0-0: Swinging Strike
0-1: Foul Ball, location: 2F
0-2: Ball
Reginald Kalkman is caught stealing 2nd base
1-2: Strikes out swinging
Top of the 3rd over - 0 run(s), 1 hit(s), 0 error(s), 0 left on base; Sunset District 0 - Pawnee 2
BOTTOM OF THE 3RD
Pawnee ParksNRec batting - Pitching for Sunset District Fog : RHP Burm Snart
Batting: RHB Rubén Alvarado 0-0: Called Strike
0-1: Ground out 5-3 (Groundball, 56S)
Batting: RHB Britt Lynch 0-0: Called Strike
0-1: Called Strike
0-2: Foul Ball, location: 2F
0-2: Strikes out swinging
Batting: LHB Ernesto Sánchez 0-0: Ball
1-0: Ball
2-0: Called Strike
2-1: Foul Ball, location: 2F
2-2: Foul Ball, location: 2F
2-2: Ground out U3 (Groundball, 3L)
Bottom of the 3rd over - 0 run(s), 0 hit(s), 0 error(s), 0 left on base; Sunset District 0 - Pawnee 2
TOP OF THE 4TH
Sunset District Fog batting - Pitching for Pawnee ParksNRec : RHP Brewster Warble
Batting: RHB Alfonso Nazario 0-0: Called Strike
0-1: Ball
1-1: Ground out 5-3 (Groundball, 5D)
Batting: LHB Enrique Vásquez 0-0: Ball
1-0: Ball
2-0: Ball
3-0: Called Strike
3-1: Base on Balls
Batting: RHB José Vargas 0-0: Ball
Enrique Vásquez is caught stealing 2nd base
1-0: Ground out 6-3 (Groundball, 6M)
Top of the 4th over - 0 run(s), 0 hit(s), 0 error(s), 0 left on base; Sunset District 0 - Pawnee 2
BOTTOM OF THE 4TH
Pawnee ParksNRec batting - Pitching for Sunset District Fog : RHP Burm Snart
Batting: LHB Tom Benjamin 0-0: Swinging Strike
0-1: Fly out, F8 (Flyball, 8LD)
Batting: SHB Júlio Camacho 0-0: Called Strike
0-1: Foul Ball, location: 2F
0-2: Foul Ball, location: 2F
0-2: Foul Ball, location: 2F
0-2: Ball
1-2: Ball
2-2: Ground out 4-3 (Groundball, 4)
Batting: SHB Vicente Pueblo 0-0: Foul Ball, location: 2F
0-1: Foul Ball, location: 2F
0-2: Ground out 6-3 (Groundball, 56D)
Bottom of the 4th over - 0 run(s), 0 hit(s), 0 error(s), 0 left on base; Sunset District 0 - Pawnee 2
TOP OF THE 5TH
Sunset District Fog batting - Pitching for Pawnee ParksNRec : RHP Brewster Warble
Batting: RHB Armando Rodríguez 0-0: Ground out 4-3 (Groundball, 4)
Batting: RHB Tetsunori Kimura 0-0: Called Strike
0-1: Swinging Strike
0-2: Foul Ball, location: 2F
0-2: Ball
1-2: Fly out, F9 (Line Drive, 9S)
Batting: SHB Domingo Luna 0-0: Swinging Strike
0-1: Ball
1-1: Ground out U3 (Groundball, 3L)
Top of the 5th over - 0 run(s), 0 hit(s), 0 error(s), 0 left on base; Sunset District 0 - Pawnee 2
BOTTOM OF THE 5TH
Pawnee ParksNRec batting - Pitching for Sunset District Fog : RHP Burm Snart
Batting: RHB Iván Rodríguez 0-0: Called Strike
0-1: Ball
1-1: Foul Ball, location: 2F
1-2: Fly out, F9 (Flyball, 9LMF)
Batting: SHB Enrique Costello 0-0: Ball
1-0: Ground out 5-3 (Groundball, 56)
Batting: RHB Miguel Silva 0-0: Ball
1-0: Ball
2-0: Ball
3-0: Called Strike
3-1: Base on Balls
Batting: RHB Rubén Alvarado 0-0: DOUBLE (Line Drive, 7LS)
Miguel Silva to third
Batting: RHB Britt Lynch 0-0: Called Strike
0-1: Ball
1-1: Reached on error, E5 (Groundball, 56)
Miguel Silva scores
Rubén Alvarado scores
Batting: LHB Ernesto Sánchez 0-0: Called Strike
0-1: Foul Ball, location: 2F
0-2: Ball
1-2: Strikes out swinging
Bottom of the 5th over - 2 run(s), 1 hit(s), 1 error(s), 1 left on base; Sunset District 0 - Pawnee 4
TOP OF THE 6TH
Sunset District Fog batting - Pitching for Pawnee ParksNRec : RHP Brewster Warble
Batting: RHB Vicente Rodríguez 0-0: Fly out, F7 (Line Drive, 7)
Batting: RHB Reginald Kalkman 0-0: Called Strike
0-1: Ground out U3 (Groundball, 34)
Batting: RHB Yehonatan Chazan 0-0: Ball
1-0: Ball
2-0: Called Strike
2-1: Foul Ball, location: 2F
2-2: Ball
3-2: Base on Balls
Batting: RHB Alfonso Nazario 0-0: Fly out, F8 (Flyball, 8LXD)
Top of the 6th over - 0 run(s), 0 hit(s), 0 error(s), 1 left on base; Sunset District 0 - Pawnee 4
BOTTOM OF THE 6TH
Pawnee ParksNRec batting - Pitching for Sunset District Fog : RHP Burm Snart
Batting: LHB Tom Benjamin 0-0: Called Strike
0-1: Called Strike
0-2: Ball
1-2: Ball
2-2: Ball
3-2: SINGLE (Line Drive, 34)
Batting: SHB Júlio Camacho 0-0: Foul Ball, location: 2F
0-1: Foul Ball, location: 2F
0-2: Fly out, F3 (Line Drive, 34)
Batting: SHB Vicente Pueblo 0-0: Ball
1-0: Called Strike
Tom Benjamin steals 2nd base
1-1: Called Strike
1-2: Ball
2-2: Foul Ball, location: 2F
2-2: Ball
3-2: Foul Ball, location: 2F
3-2: Fly out, F8 (Flyball, 8LM)
Batting: RHB Iván Rodríguez 0-0: Ball
1-0: Called Strike
1-1: Ball
Passed Ball!
Tom Benjamin to third
2-1: Ball
3-1: Foul Ball, location: 2F
3-2: Ground out 6-3 (Groundball, 6)
Bottom of the 6th over - 0 run(s), 1 hit(s), 0 error(s), 1 left on base; Sunset District 0 - Pawnee 4
TOP OF THE 7TH
Sunset District Fog batting - Pitching for Pawnee ParksNRec : RHP Brewster Warble
Batting: LHB Enrique Vásquez 0-0: Called Strike
0-1: Called Strike
0-2: SINGLE (Groundball, 34S) (infield hit)
Batting: RHB José Vargas 0-0: Called Strike
0-1: Ball
1-1: Foul Ball, location: 2F
1-2: Ball
2-2: Foul Ball, location: 2F
2-2: Ball
3-2: Base on Balls
Enrique Vásquez to second
Batting: RHB Armando Rodríguez 0-0: Called Strike
0-1: Ball
1-1: Ball
2-1: Ball
3-1: Grounds into double play, 6-4-3 (Groundball, 6)
Enrique Vásquez to third
Batting: RHB Tetsunori Kimura 0-0: Ball
1-0: Called Strike
1-1: Fly out, F6 (Line Drive, 6)
Top of the 7th over - 0 run(s), 1 hit(s), 0 error(s), 1 left on base; Sunset District 0 - Pawnee 4
BOTTOM OF THE 7TH
Pawnee ParksNRec batting - Pitching for Sunset District Fog : RHP Burm Snart
Pitching: RHP John Sirica
Batting: SHB Enrique Costello 0-0: Fly out, F4 (Line Drive, 34D)
Batting: RHB Miguel Silva 0-0: Ball
1-0: Swinging Strike
1-1: Ball
2-1: Called Strike
2-2: Ball
3-2: Base on Balls
Batting: RHB Rubén Alvarado 0-0: Ball
1-0: Called Strike
1-1: Foul Ball, location: 2F
1-2: Ball
2-2: Fly out, F5 (Line Drive, 56)
Batting: RHB Britt Lynch 0-0: Swinging Strike
0-1: Called Strike
0-2: Ball
1-2: Ball
2-2: Strikes out swinging
Bottom of the 7th over - 0 run(s), 0 hit(s), 0 error(s), 1 left on base; Sunset District 0 - Pawnee 4
TOP OF THE 8TH
Sunset District Fog batting - Pitching for Pawnee ParksNRec : RHP Brewster Warble
Batting: SHB Domingo Luna 0-0: Foul Ball, location: 2F
0-1: Ground out 6-3 (Groundball, 6)
Batting: RHB Vicente Rodríguez 0-0: Called Strike
0-1: Ball
1-1: Called Strike
1-2: Ball
2-2: Ground out 5-3 (Groundball, 5S)
Batting: RHB Reginald Kalkman 0-0: Foul Ball, location: 2F
0-1: Ball
1-1: Ball
2-1: Ball
3-1: Base on Balls
Batting: RHB Yehonatan Chazan 0-0: Ball
1-0: SINGLE (Line Drive, 78S)
Reginald Kalkman to second
Batting: RHB Alfonso Nazario 0-0: Foul Ball, location: 2F
0-1: Foul Ball, location: 2F
0-2: Ball
1-2: SINGLE (Flyball, 8RS)
Reginald Kalkman to third
Yehonatan Chazan to second
Runner from 3rd tries for Home, throw and OUT!
Top of the 8th over - 0 run(s), 2 hit(s), 0 error(s), 2 left on base; Sunset District 0 - Pawnee 4
BOTTOM OF THE 8TH
Pawnee ParksNRec batting - Pitching for Sunset District Fog : RHP John Sirica
Batting: LHB Ernesto Sánchez 0-0: Ball
1-0: Foul Ball, location: 2F
1-1: Foul Ball, location: 2F
1-2: Foul Ball, location: 2F
1-2: Ball
2-2: Ball
3-2: Foul Ball, location: 2F
3-2: Foul Ball, location: 2F
3-2: Base on Balls
Batting: LHB Tom Benjamin 0-0: Ball
1-0: Called Strike
1-1: Called Strike
1-2: Ball
2-2: Ball
3-2: Base on Balls
Ernesto Sánchez to second
Batting: SHB Júlio Camacho 0-0: Ball
1-0: Grounds into double play, 4-6-3 (Groundball, 4)
Ernesto Sánchez to third
Batting: SHB Vicente Pueblo 0-0: Ground out U3 (Groundball, 34)
Bottom of the 8th over - 0 run(s), 0 hit(s), 0 error(s), 1 left on base; Sunset District 0 - Pawnee 4
TOP OF THE 9TH
Sunset District Fog batting - Pitching for Pawnee ParksNRec : RHP Brewster Warble
Batting: LHB Enrique Vásquez 0-0: Ball
1-0: Ball
2-0: Ball
3-0: Called Strike
3-1: Swinging Strike
3-2: Strikes out swinging
Batting: RHB José Vargas 0-0: Called Strike
0-1: Ball
1-1: Swinging Strike
1-2: Fly out, F9 (Flyball, 9LM)
Batting: RHB Armando Rodríguez 0-0: Called Strike
0-1: Ball
1-1: Ball
2-1: TRIPLE (Flyball, 89D)
Pitching: RHP Jesse Bowling
Batting: RHB Tetsunori Kimura 0-0: SINGLE (Groundball, 34D)
Armando Rodríguez scores
Pitching: RHP Denver Milne
Batting: SHB Domingo Luna 0-0: Ball
1-0: Called Strike
1-1: Ball
2-1: Ball
3-1: Foul Ball, location: 2F
3-2: Strikes out swinging
Top of the 9th over - 1 run(s), 2 hit(s), 0 error(s), 1 left on base; Sunset District 1 - Pawnee 4
Wednesday, September 6th, 2017 - OOTP Baseball 17.12 Build 75